 Dungeon Crawl Stone Soup version 0.20.1-1-g8b1a95d (webtiles) character file.

21182 Gremour the Carver (level 12, -10/88 HPs)
             Began as a Demonspawn Fighter on Nov 27, 2017.
             Was a High Priest of Qazlal.
             Mangled by Rupert
             ... wielding a +2 great sword of holy wrath
              (11 damage)
             ... on level 14 of the Dungeon.
             The game lasted 01:28:32 (15110 turns).

Gremour the Carver (Demonspawn Fighter)            Turns: 15110, Time: 01:28:33

Health: -10/88     AC: 24    Str: 17    XL:     12   Next: 51%
Magic:  0/17       EV:  7    Int: 10    God:    Qazlal [*****.]
Gold:   818        SH:  6    Dex: 17    Spells: 10/11 levels left

rFire    + . .     SeeInvis .   b - +4 great sword (protect)
rCold    + . .     Gourm    .   (shield currently unavailable)
rNeg     . . .     Faith    .   n - +2 plate armour {rC+}
rPois    .         Spirit   +   u - +0 helmet
rElec    .         Reflect  .   (no cloak)
rCorr    +         Harm     .   (no gloves)
MR       +....     Clarity  +   o - +0 pair of boots
Stlth    ..........             g - amulet of magic regeneration
Regen    0.3/turn               r - ring of protection from magic
MPRegen  0.3/turn               v - ring of resist corrosion

@: silence (expiring), protected from physical damage, repel missiles
A: hooves 2, iridescent scales 2, clarity, demonic guardian 1, fire resistance
1, frail 1, sense surroundings 1, wild magic 1, evolution 1, magic shield, no
potion heal 1
a: Renounce Religion


You were on level 14 of the Dungeon.
You worshipped Qazlal.
Qazlal was extremely pleased with you.
You were not hungry.

You visited 3 branches of the dungeon, and saw 16 of its levels.

You collected 818 gold pieces.

Inventory:

Hand Weapons
 a - a +1 scimitar of draining
 b - a +4 great sword of protection (weapon)
 j - a +3 trident
Missiles
 s - 5 tomahawks of returning (quivered)
Armour
 c - a +1 shield
 d - a +2 ring mail of fire resistance
 n - a +2 plate armour of cold resistance (worn)
 o - a +0 pair of boots (worn)
 u - a +0 helmet (worn)
Jewellery
 g - an amulet of magic regeneration (around neck)
 r - a ring of protection from magic (left hand)
 v - a ring of resist corrosion (right hand)
 F - an uncursed ring of protection from fire
 G - an uncursed ring of positive energy
Wands
 e - a wand of iceblast (12/15)
 k - a wand of iceblast (5/15)
 p - a wand of flame (15/48)
 q - a wand of lightning (4/15)
 t - a wand of confusion (12/48)
Scrolls
 h - 2 scrolls of enchant armour
 i - 8 scrolls of identify
 l - 4 scrolls of immolation
 w - 3 scrolls of remove curse
 z - 2 scrolls of teleportation
 A - 2 scrolls of blinking
 D - a scroll of enchant weapon
 Q - a scroll of fear
Potions
 J - a potion of cancellation
 M - 2 potions of curing
Comestibles
 f - 15 bread rations
 m - 6 meat rations
 x - 7 chunks of flesh
 B - 2 fruits
 H - 3 royal jellies


   Skills:
 - Level 10.4 Fighting
 - Level 13.2 Long Blades
 - Level 6.0 Armour
 - Level 3.0 Dodging
 - Level 7.1 Shields
 - Level 0.1 Translocations
 * Level 7.4 Invocations
 + Level 1.3 Evocations


You had 10 spell levels left.
You knew the following spells:

 Your Spells              Type           Power        Failure   Level  Hunger
a - Apportation           Tloc           #.....       100%        1    ##.....


Dungeon Overview and Level Annotations

Branches:
Dungeon (14/15)            Temple (1/1) D:5            Lair (1/6) D:11
    Orc (0/2) D:9
 Vaults: D:13-14

Altars:
Ashenzari
Cheibriados
Elyvilon
Nemelex Xobeh
Okawaru
Qazlal
Uskayaw
The Shining One

Shops:
D:4 !:   D:7 %

Annotations:
D:14 Rupert


Innate Abilities, Weirdness & Mutations

You have hoof-like feet.
You are mostly covered in iridescent scales. (AC +4)
A weak demonic guardian rushes to your aid.
When hurt, damage is shared between your health and your magic reserves.
You possess an exceptional clarity of mind.
Your flesh is heat resistant. (rF+)
You are frail. (-10% HP)
You passively map a small area around you.
Your spells are a little harder to cast, but a little more powerful.
You evolve.
Potions are less effective at restoring your health.


Message History

You feel better. Rupert hits you but does no damage.
Rupert hits you but does no damage.
Rupert hits you with a great sword of holy wrath!
* * * LOW HITPOINT WARNING * * *
You convulse.
* * * LOW HITPOINT WARNING * * *
Rupert closely misses you.
You riposte.
You slash Rupert!
Your weapon exudes an aura of protection.
Rupert is severely wounded.
Rupert rages.
Your ufetubus hits Rupert. Your ufetubus misses Rupert.
Your ufetubus hits Rupert.
Your ufetubus hits Rupert but does no damage.
Rupert hits your ufetubus with a great sword of holy wrath!!
Your ufetubus dies!
Rupert hits you with a great sword of holy wrath!
* * * LOW HITPOINT WARNING * * *
You feel more protected from physical attacks.
You convulse!
You die...

#...#. #.# * , #...'
∩ ###'# * * #...#
###.... * #...#
#.'.... * , +...# ,
#.#.... *
####..[#######.#....
*
#.....))..[....#....
#...........########
#..@§.......#
##@##########
#...#### ###....####
* ####....# , , * *
*####+#* , * , ****
, , , * , , * ,


You could see Rupert (berserk).

Vanquished Creatures
  Gastronok (D:9)
  A hydra (D:11)
  2 two-headed ogres (D:11)
  Urug (D:11)
  The ghost of homeworkjunkie the Cleaver, a novice HOFi of Okawaru (D:8)
  A wizard (D:14)
  An unseen horror (D:12)
  2 ugly things
  The ghost of AdmiralAndromeda the Twirler, a novice DsGl (D:9)
  A cyclops (D:12)
  An elephant (D:11)
  A black mamba (D:11)
  A centaur skeleton (D:13)
  5 trolls
  Grinder (D:3)
  2 hippogriffs
  2 shadows
  A wyvern (D:13)
  4 yaks
  4 humans (D:9)
  5 vampire mosquitoes
  A steam dragon (D:11)
  A basilisk (D:11)
  A water moccasin (D:6)
  7 orc warriors
  A black bear (D:9)
  7 ice beasts
  An eye of draining (D:11)
  A phantom (D:9)
  A sky beast (D:9)
  6 ogres
  8 centaurs
  2 crocodiles
  3 big kobolds
  7 bullfrogs
  Dowan (D:5)
  A wyvern skeleton (D:10)
  2 scorpions
  5 killer bees (D:7)
  5 wights (D:12)
  2 howler monkeys
  3 crimson imps
  3 centaur zombies
  A quasit (D:6)
  A bullfrog zombie (D:6)
  13 orc wizards
  9 hounds
  7 orc priests
  3 iguanas
  5 jellies
  A bullfrog skeleton (D:13)
  Ijyb (D:2)
  7 worker ants
  A killer bee zombie (D:7)
  2 worker ant zombies
  Robin (D:4)
  15 adders
  A gnoll (D:2)
  A howler monkey skeleton (D:6)
  3 shadow imps
  An adder zombie (D:9)
  3 oozes
  A worm (D:2)
  5 dart slugs
  5 leopard geckos
  41 orcs
  A ball python (D:1)
  9 bats
  4 giant cockroaches
  14 goblins
  8 hobgoblins
  15 jackals
  26 kobolds
  6 quokkas
  8 frilled lizards
  A jackal skeleton (D:6)
  A leopard gecko zombie (D:8)
  A quokka zombie (D:6)
  8 rats
338 creatures vanquished.

Vanquished Creatures (collateral kills)
  A hydra (D:13)
  A two-headed ogre (D:10)
  A deep elf mage (D:14)
  An ugly thing (D:12)
  A cyclops (D:14)
  The ghost of Lanoc the Poker, an amateur TeCK of Xom (D:3)
  A water moccasin (D:11)
  Duvessa (D:5)
  An ice beast (D:6)
  An ogre (D:7)
  A centaur (D:6)
  4 bullfrogs
  A killer bee (D:7)
  An orc wizard (D:6)
  Jessica (D:3)
  A worker ant (D:4)
  3 orcs
  A jackal (D:10)
  A kobold (D:7)
  A bat (D:3)
  A rat (D:3)
26 creatures vanquished.

Grand Total: 364 creatures vanquished

Notes
Turn   | Place    | Note
-------+----------+-------------------------------------------
     0 | D:1      | Gremour the Demonspawn Fighter began the quest for the Orb.
     0 | D:1      | Reached XP level 1. HP: 18/18 MP: 1/1
     7 | D:1      | Reached skill level 2 in Long Blades
    49 | D:1      | Gained mutation: You are partially covered in iridescent scales. (AC +2) [demonic ancestry]
    49 | D:1      | Reached XP level 2. HP: 22/24 MP: 2/2
   436 | D:1      | Reached skill level 3 in Long Blades
   663 | D:1      | Gained mutation: You are mostly covered in iridescent scales. (AC +4) [demonic ancestry]
   663 | D:1      | Reached XP level 3. HP: 27/29 MP: 3/3
  1352 | D:2      | Gained mutation: A weak demonic guardian rushes to your aid. [demonic ancestry]
  1352 | D:2      | Reached XP level 4. HP: 33/35 MP: 4/4
  1371 | D:2      | Reached skill level 4 in Long Blades
  2217 | D:3      | Noticed Jessica
  2227 | D:3      | Killed Jessica
  2227 | D:3      | Gained mutation: You have large cloven feet. [demonic ancestry]
  2227 | D:3      | Reached XP level 5. HP: 41/41 MP: 5/5
  2229 | D:3      | Noticed Grinder
  2245 | D:3      | Paralysed by Grinder for 2 turns
  2260 | D:3      | Killed Grinder
  2260 | D:3      | Reached skill level 6 in Long Blades
  2260 | D:3      | Gained mutation: When hurt, damage is shared between your health and your magic reserves. [demonic ancestry]
  2260 | D:3      | Reached XP level 6. HP: 11/47 MP: 6/6
  2329 | D:3      | Noticed Lanoc's ghost (amateur TeCK)
  2528 | D:3      | Noticed Ijyb
  2558 | D:2      | Killed Ijyb
  2574 | D:2      | Gained mutation: You can translocate small distances at will. [potion of mutation]
  2574 | D:2      | Gained mutation: Your flesh is cold resistant. (rC+) [potion of mutation]
  2633 | D:3      | Killed Lanoc's ghost
  2633 | D:3      | Reached skill level 7 in Long Blades
  2633 | D:3      | Reached XP level 7. HP: 37/52 MP: 4/7
  2908 | D:4      | Noticed Robin
  2952 | D:4      | Killed Robin
  3054 | D:4      | Found Yvotudos's Distillery.
  3219 | D:4      | Found Uninayr's Book Shoppe.
  3580 | D:5      | Entered Level 5 of the Dungeon
  3663 | D:5      | Noticed Duvessa
  3663 | D:5      | Noticed Dowan
  3676 | D:5      | Killed Duvessa
  3690 | D:5      | Killed Dowan
  3690 | D:5      | Reached skill level 8 in Long Blades
  3884 | D:5      | Found a shattered altar of Ashenzari.
  4166 | D:5      | Found a staircase to the Ecumenical Temple.
  4176 | Temple   | Entered the Ecumenical Temple
  4182 | Temple   | Became a worshipper of Qazlal Stormbringer
  4653 | D:6      | Reached XP level 8. HP: 38/58 MP: 6/8
  4670 | D:6      | Reached skill level 9 in Long Blades
  5467 | D:6      | Reached * piety under Qazlal
  5467 | D:6      | Reached skill level 10 in Long Blades
  6313 | D:7      | Found a glowing golden altar of the Shining One.
  6314 | D:7      | Found a snail-covered altar of Cheibriados.
  6315 | D:7      | Found an iron altar of Okawaru.
  6316 | D:7      | Found a white marble altar of Elyvilon.
  6427 | D:7      | Reached XP level 9. HP: 47/64 MP: 9/9
  6607 | D:7      | Found a hide-covered altar of Uskayaw.
  6798 | D:7      | Found Gonuffics's Food Emporium.
  7308 | D:6      | Reached skill level 5 in Shields
  7917 | D:8      | Got an encrusted hand axe
  7918 | D:8      | Identified the +1 hand axe of Chaos {distort, +Blink} (You found it on level 8 of the Dungeon)
  8168 | D:8      | Learned a level 1 spell: Apportation
  8369 | D:8      | Noticed homeworkjunkie's ghost (novice HOFi)
  8385 | D:8      | Killed homeworkjunkie's ghost
  8385 | D:8      | Reached skill level 5 in Fighting
  8389 | D:8      | Reached ** piety under Qazlal
  8865 | D:9      | Reached XP level 10. HP: 65/76 MP: 8/10
  8882 | D:9      | Noticed AdmiralAndromeda's ghost (novice DsGl)
  8930 | D:9      | Killed AdmiralAndromeda's ghost
  8950 | D:9      | Reached skill level 1 in Evocations
  9186 | D:9      | Found a staircase to the Orcish Mines.
  9748 | D:9      | Found a sparkling altar of Nemelex Xobeh.
  9820 | D:9      | Noticed Gastronok
  9839 | D:9      | Killed Gastronok
  9839 | D:9      | Reached skill level 11 in Long Blades
 10014 | D:10     | Entered Level 10 of the Dungeon
 10053 | D:9      | Reached *** piety under Qazlal
 10276 | D:10     | Reached XP level 11. HP: 89/89 MP: 11/11
 10447 | D:10     | Noticed a two-headed ogre
 10472 | D:10     | Killed a two-headed ogre
 11016 | D:11     | Noticed Urug
 11038 | D:11     | Noticed a two-headed ogre
 11229 | D:11     | Killed a two-headed ogre
 11256 | D:11     | Noticed a purple ugly thing
 11263 | D:11     | Killed a purple ugly thing
 11263 | D:11     | Reached skill level 5 in Armour
 11267 | D:11     | Gained mutation: You are dopey. (Int -2) [mutagenic meat]
 11269 | D:11     | Gained mutation: You evolve. [mutagenic meat]
 11316 | D:11     | Found a staircase to the Lair.
 11316 | D:11     | Noticed a two-headed ogre
 11754 | D:11     | Killed a two-headed ogre
 11818 | D:11     | Reached skill level 10 in Fighting
 11861 | D:11     | Reached **** piety under Qazlal
 11929 | D:11     | Killed Urug
 11929 | D:11     | Reached skill level 12 in Long Blades
 12042 | D:11     | Gained mutation: Potions are less effective at restoring your health. [evolution]
 12045 | D:11     | Lost mutation: You evolve. [potion of mutation]
 12045 | D:11     | Lost mutation: Your flesh is cold resistant. (rC+) [potion of mutation]
 12045 | D:11     | Gained mutation: Your flesh is heat resistant. (rF+) [potion of mutation]
 12045 | D:11     | Gained mutation: You evolve. [potion of mutation]
 12045 | D:11     | Gained mutation: You have a pair of small antennae on your head. [potion of mutation]
 12046 | D:11     | Lost mutation: You are dopey. (Int -2) [potion of mutation]
 12046 | D:11     | Lost mutation: You can translocate small distances at will. [potion of mutation]
 12046 | D:11     | Lost mutation: Your flesh is heat resistant. (rF+) [potion of mutation]
 12046 | D:11     | Lost mutation: You have a pair of small antennae on your head. [potion of mutation]
 12046 | D:11     | Gained mutation: You possess an exceptional clarity of mind. [potion of mutation]
 12046 | D:11     | Gained mutation: You are frail. (-10% HP) [potion of mutation]
 12046 | D:11     | Gained mutation: Your flesh is heat resistant. (rF+) [potion of mutation]
 12127 | D:11     | Noticed a five-headed hydra
 12183 | D:10     | HP: 1/81 [something (21)]
 12536 | D:11     | Killed a six-headed hydra
 12993 | D:12     | Reached skill level 1 in Dodging
 13131 | Lair:1   | Entered Level 1 of the Lair of Beasts
 13232 | D:12     | Noticed a cyan ugly thing
 13241 | D:12     | Killed a cyan ugly thing
 13723 | D:13     | Gained mutation: You have hoof-like feet. [demonic ancestry]
 13723 | D:13     | Reached XP level 12. HP: 83/88 MP: 10/12
 13765 | D:12     | Gained mutation: Your spells are a little harder to cast, but a little more powerful. [evolution]
 14030 | D:12     | Reached skill level 13 in Long Blades
 14284 | D:13     | Reached ***** piety under Qazlal
 14419 | D:13     | Noticed an eight-headed hydra
 14438 | D:13     | Killed a ten-headed hydra
 14935 | D:13     | Gained mutation: You passively map a small area around you. [evolution]
 15005 | D:14     | Reached skill level 5 in Invocations
 15073 | D:14     | Noticed Rupert
 15110 | D:14     | HP: 1/88 [Rupert/great sword of holy wrath (10)]
 15110 | D:14     | Mangled by Rupert

Skill      XL: |  1  2  3  4  5  6  7  8  9 10 11 12 |
---------------+-------------------------------------+-----
Long Blades    | 2 3 4 6 7 8 10 11 12 13 | 13.2
Shields        | 3 7 |  7.1
Fighting       | 5 9 10 | 10.4
Armour         | 4 6 |  6.0
Evocations     | 1 |  1.3
Dodging        | 2 3 |  3.0
Invocations    | 7 |  7.4
Translocations | |  0.1

Action                   |  1- 3 |  4- 6 |  7- 9 | 10-12 || total
-------------------------+-------+-------+-------+-------++-------
Melee: Long sword        |   114 |    88 |       |       ||   202
       Scimitar          |       |    55 |   482 |   595 ||  1132
       Trident           |       |       |       |     2 ||     2
       Great sword       |       |       |       |   121 ||   121
 Cast: Apportation       |       |       |     1 |       ||     1
 Abil: Blink             |       |       |    22 |       ||    22
Evoke: Wand              |       |       |     3 |     4 ||     7
  Use: Potion            |       |     6 |     7 |     7 ||    20
       Scroll            |       |     4 |     8 |     7 ||    19
 Stab: Distracted        |       |       |     1 |       ||     1
       Invisible         |       |       |     1 |       ||     1
  Eat: Chunk             |     2 |     3 |    11 |    22 ||    38
       Fruit             |       |     1 |     2 |       ||     3
       Meat ration       |       |       |     1 |       ||     1
       Bread ration      |       |       |     1 |       ||     1
       Royal jelly       |       |       |       |     1 ||     1
Armor: Scale mail        |    71 |    95 |   169 |       ||   335
       Ring mail         |       |       |    72 |   142 ||   214
       Chain mail        |       |       |       |    83 ||    83
       Steam dragon scal |       |       |       |     1 ||     1
       Plate armour      |       |       |       |    90 ||    90
Dodge: Dodged            |    40 |    60 |   132 |   141 ||   373
       Deflected         |       |       |       |     8 ||     8
Block: Shield            |    47 |    93 |   311 |   420 ||   871
       Other             |       |       |       |    37 ||    37
       Rpst.: Long sword |    11 |    13 |       |       ||    24
       Scimitar          |       |     4 |    41 |    29 ||    74
       Great sword       |       |       |       |    11 ||    11
